 Dungeon Crawl Stone Soup version 0.28.0-45-g0d030f2227 (webtiles) character file.

Game seed: 10380672923558970542

1631 Icepheonix32 the Skirmisher (level 8, -3/65 HPs)
             Began as a Demonspawn Fighter on Apr 6, 2022.
             Slain by a centaur (5 damage)
             ... on level 5 of the Dungeon.
             The game lasted 00:07:19 (4237 turns).

Icepheonix32 the Skirmisher (Demonspawn Fighter)    Turns: 4237, Time: 00:07:20

Health: -3/65      AC:  4    Str: 18    XL:     8   Next: 65%
Magic:  8/8        EV: 11    Int: 10    God:
Gold:   114        SH:  5    Dex: 13    Spells: 7/7 levels left

rFire   . . .      SeeInvis .   x - +1 trident (venom)
rCold   . . .      Faith    .   c - +0 buckler
rNeg    . . .      Spirit   .   C - +3 leather armour
rPois   .          Reflect  .   (helmet unavailable)
rElec   .          Harm     .   r - +0 cloak
rCorr   .          Rampage  .   (no gloves)
Will    .....                   (no boots)
Stlth   ++........              (no amulet)
HPRegen 0.20/turn               (no ring)
MPRegen 0.11/turn               (no ring)

@: corroded, attractive, hasted, very quick
A: horns 3, powered by death 1
a: no special abilities


You were on level 5 of the Dungeon.
You visited 1 branch of the dungeon, and saw 5 of its levels.

You collected 114 gold pieces.

Inventory:

Hand Weapons
 a - a +0 long sword
 x - a +1 trident of venom (weapon)
Missiles
 i - 2 silver javelins (quivered)
 t - 5 poisoned darts
Armour
 b - a +0 scale mail
 c - a +0 buckler (worn)
 d - a +0 plate armour
 h - a +0 hat
 o - a +0 chain mail
 r - a +0 cloak (worn)
 C - a +3 leather armour (worn)
Jewellery
 q - an amulet of magic regeneration
Wands
 n - a wand of polymorph (9)
 p - a wand of iceblast (10)
 u - a wand of charming (9)
Scrolls
 g - 2 scrolls of noise {unknown}
 j - a scroll of teleportation {unknown}
 k - a scroll of silence {unknown}
 m - a scroll of enchant weapon {unknown}
 s - 3 scrolls of blinking {unknown}
 v - a scroll of vulnerability {unknown}
 w - a scroll of summoning {unknown}
 y - a scroll of enchant armour {unknown}
 A - a scroll of immolation {unknown}
 B - 3 scrolls of identify {unknown}
Potions
 l - a potion of attraction


   Skills:
 * Level 6.8 Fighting
 - Level 2.0 Long Blades
 + Level 4.0 Polearms
 + Level 2.2 Throwing
 + Level 5.6 Armour
 + Level 2.4 Dodging
 + Level 1.5 Stealth
 + Level 3.9 Shields
 - Level 0.3 Unarmed Combat


You had 7 spell levels left.
You didn't know any spells.
Your spell library contained the following spells:

 Spells                   Type           Power      Damage    Failure   Level
 Animate Skeleton         Necr           0%         N/A       50%         1
 Apportation              Tloc           0%         N/A       50%         1
 Summon Small Mammal      Summ           0%         N/A       50%         1
 Blink                    Tloc           0%         N/A       65%         2
 Inner Flame              Hex/Fire       0%         N/A       86%         3
 Lesser Beckoning         Tloc           0%         N/A       86%         3
 Cause Fear               Hex            0%         N/A       99%         4
 Manifold Assault         Tloc           0%         N/A       100%        5
 Discord                  Hex            0%         N/A       100%        8


Dungeon Overview and Level Annotations

Branches:
Dungeon (5/15)
 Temple: D:4-7

Altars:
Hepliaklqana
Wu Jian


Innate Abilities, Weirdness & Mutations

You have a pair of large horns on your head.
You regenerate a little health from kills.


Message History

The centaur hits you but does no damage.
The centaur closely misses you. The centaur hits you.
The centaur barely misses you.
Unknown command.
You hit the centaur.
The centaur looks as sick as possible!
The centaur is moderately wounded.
You block the centaur's attack. The centaur closely misses you.
The jelly hits you but does no damage.
Unknown command.
It was a potion of attraction.
You feel attractive to monsters.
The centaur closely misses you. x2; The jelly hits you.
* * * LOW HITPOINT WARNING * * *
The acid corrodes you!
You are splashed with acid!
* * * LOW HITPOINT WARNING * * *
The centaur hits you but does no damage.
The centaur barely misses you.
You feel yourself speed up.
The centaur hits you but does no damage.
The centaur kicks you.
* * * LOW HITPOINT WARNING * * *
The jelly hits you but does no damage.
Unknown command.
You hit the jelly.
Your hands burn!
* * * LOW HITPOINT WARNING * * *
The jelly is lightly wounded.
The centaur closely misses you. The centaur misses you.
Unknown command.
You barely miss the jelly. You headbutt the jelly!
The jelly is almost dead.
The centaur completely misses you. You block the centaur's attack.
The jelly hits you but does no damage. The centaur barely misses you.
The centaur kicks you.
* * * LOW HITPOINT WARNING * * *
Unknown command.
You hit the jelly but do no damage.
Your hands burn!
* * * LOW HITPOINT WARNING * * *
The jelly is almost dead.
The jelly hits you but does no damage. The centaur hits you.
You die...

.#...#$#........#...#.#........
#...#...#.#####.#####.#.#######
..W....†.## #†# #.#.#
..#...#...!####.# #.#.#######
#...#$#........#####..........
...#...#....(.†.).).).<....###
...........Z...Z#####.#..##.#
##.........####c# #.#..# #
#......#..# #@# #.#..#
###........# #J# #.#..#
###..#...# #.# #....# #c.#...#
#.# #.#..# #..!.... ..# ?....
.......###.# ..# #.#


You could see a centaur (extremely poisoned), a jelly and a hound skeleton.

Vanquished Creatures
  A two-headed ogre (D:5)
  Grinder (D:3)
  A wraith (D:5)
  An ice beast (D:5)
  A black bear (D:5)
  A phantom (D:2)
  2 scorpions
  A water moccasin skeleton (D:5)
  A bullfrog zombie (D:5)
  A hound (D:4)
  4 iguanas
  A hound skeleton (D:4)
  A howler monkey skeleton (D:4)
  2 adders
  An adder skeleton (D:4)
  A worm (D:2)
  10 orcs
  4 ball pythons
  5 endoplasms
  3 giant cockroaches
  7 goblins
  6 hobgoblins
  A jackal (D:5)
  2 quokkas
  5 bats
  6 frilled lizards
  10 kobolds
  3 rats
83 creatures vanquished.

Vanquished Creatures (others)
  4 plants (D:3)
4 creatures vanquished.

Grand Total: 87 creatures vanquished

Notes
Turn   | Place    | Note
-------+----------+-------------------------------------------
     0 | D:1      | Icepheonix32 the Demonspawn Fighter began the quest for the
                  | Orb.
     0 | D:1      | Reached XP level 1. HP: 18/18 MP: 1/1
   266 | D:1      | Gained mutation: You have a pair of small horns on your
                  | head. [demonic ancestry]
   266 | D:1      | Reached XP level 2. HP: 17/24 MP: 2/2
   790 | D:2      | Noticed a phantom
   799 | D:2      | Killed a phantom
   800 | D:2      | Reached skill level 4 in Fighting
   800 | D:2      | Reached XP level 3. HP: 23/31 MP: 3/3
   800 | D:2      | Gained mutation: You have a pair of horns on your head.
                  | [demonic ancestry]
   800 | D:2      | Reached XP level 4. HP: 29/38 MP: 4/4
  1008 | D:2      | Found a faded altar of an unknown god.
  1976 | D:3      | Noticed Grinder
  1993 | D:3      | Killed Grinder
  1994 | D:3      | Reached skill level 5 in Fighting
  1994 | D:3      | Reached skill level 1 in Throwing
  1994 | D:3      | Reached XP level 5. HP: 35/44 MP: 5/5
  1994 | D:3      | Reached XP level 6. HP: 41/51 MP: 6/6
  2400 | D:3      | Found a faded altar of an unknown god.
  2400 | D:3      | Found a hazy altar of Hepliaklqana.
  2400 | D:3      | Found a faded altar of an unknown god.
  2402 | D:3      | Found a faded altar of an unknown god.
  2629 | D:4      | Found an ornate altar of the Wu Jian Council.
  3540 | D:4      | Gained mutation: You regenerate a little health from kills.
                  | [demonic ancestry]
  3540 | D:4      | Reached XP level 7. HP: 56/56 MP: 7/7
  3565 | D:4      | Reached skill level 1 in Dodging
  3565 | D:4      | Reached skill level 1 in Stealth
  4099 | D:5      | Entered Level 5 of the Dungeon
  4145 | D:5      | Reached skill level 1 in Polearms
  4157 | D:5      | Noticed a two-headed ogre
  4159 | D:5      | Noticed a wraith
  4180 | D:5      | Reached skill level 5 in Armour
  4192 | D:5      | Killed a two-headed ogre
  4193 | D:5      | Reached skill level 6 in Fighting
  4193 | D:5      | Gained mutation: You have a pair of large horns on your
                  | head. [demonic ancestry]
  4193 | D:5      | Reached XP level 8. HP: 40/65 MP: 8/8
  4237 | D:5      | HP: 2/65 [acid (4)]
  4237 | D:5      | Slain by a centaur

Illustrated notes

Levels and vault maps discovered:
D:1:      shiori_arrival_oz, layout_basic
D:2:      layout_loops_corners, nicolae_ecumenical_lake_church
D:3:      layout_loops_ring, nicolae_hepliaklqana_ecumenical_no_more,
          uniq_grinder
D:4:      layout_loops_ring, mainiacjoe_overflow_tiny_flanked,
          minmay_misc_feat_five, minmay_strange_pillars,
          chequers_serial_rivers_micro_e
D:5:      cheibrodos_fzero, layout_loops_ring, gup_sewer_entry_pipe,
          ebering_dispersal_statue_hall

Skill      XL: |  1  2  3  4  5  6  7  8 |
---------------+-------------------------+-----
Long Blades    | 2 |  2.0
Fighting       | 4 5 6 |  6.8
Armour         | 3 4 5 |  5.6
Shields        | 3 |  3.9
Throwing       | 1 2 |  2.2
Dodging        | 2 |  2.4
Stealth        | 1 |  1.5
Polearms       | 3 4 |  4.0
Unarmed Combat | |  0.3

Action                   |  1- 3 |  4- 6 |  7- 9 || total
-------------------------+-------+-------+-------++-------
Melee: Long sword        |    43 |    87 |       ||   130
       Headbutt          |     4 |    12 |     7 ||    23
       Unarmed           |       |     7 |       ||     7
       Trident           |       |    21 |    67 ||    88
Throw: Javelin           |     4 |    13 |     5 ||    22
  Use: Potion            |     1 |     1 |     5 ||     7
Armor: Scale mail        |    18 |    54 |     4 ||    76
       Skin              |       |     2 |    11 ||    13
       Leather armour    |       |       |    20 ||    20
Dodge: Dodged            |    12 |    41 |    30 ||    83
Block: Buckler           |    10 |    12 |    18 ||    40
